[ AOE2 MATCH · #460153104 ]
UnrankedJurchens vs Berbers
[ REPLAY ANALYSIS · EXTRACTED FROM THE RECORDED GAME ]
Feudal
11:56
Castle
17:31
Imperial
29:28
| APM avg | 21.3 |
| APM peak | 270 |
| eAPM avg | 17.2 |
| Villagers / military | 169 / 582 |
Focus
⚔️ 43.9% · 🌾 56.1%
Scout Cavalry ×323 · Unknown (1908) ×134 · Iron Pagoda ×121 · Steppe Lancer ×108 · Trade Cart ×91 · Bombard Cannon ×29
Feudal
14:38
Castle
23:22
Imperial
50:59
| APM avg | 15.2 |
| APM peak | 95 |
| eAPM avg | 12.7 |
| Villagers / military | 213 / 245 |
Focus
⚔️ 24.4% · 🌾 75.6%
Battle Elephant ×143 · Spearman ×93 · Trade Cart ×46 · Mangonel ×8 · Scout Cavalry ×1
Feudal
12:16
Castle
21:51
Imperial
35:46
| APM avg | 21.4 |
| APM peak | 60 |
| eAPM avg | 15.7 |
| Villagers / military | 190 / 892 |
Focus
⚔️ 36.1% · 🌾 63.9%
Knight ×820 · Trade Cart ×129 · Battering Ram ×67 · Fishing Ship ×13 · Mangonel ×4 · Monk ×1
Feudal
11:40
Castle
15:42
Imperial
32:56
| APM avg | 16.3 |
| APM peak | 41 |
| eAPM avg | 14.7 |
| Villagers / military | 136 / 1232 |
Focus
⚔️ 55.7% · 🌾 44.3%
Militia ×1084 · Battering Ram ×110 · Trade Cart ×39 · Berserk ×35 · Monk ×3
Feudal
—
Castle
—
Imperial
—
| APM avg | 780.0 |
| APM peak | 3761 |
| eAPM avg | 778.0 |
| Villagers / military | 0 / 472 |
Focus
⚔️ 70.3% · 🌾 29.7%
Unknown (2101) ×361 · Scout Cavalry ×249 · Unknown (2150) ×127 · Knight ×86 · Spearman ×68 · Battering Ram ×30
Feudal
—
Castle
—
Imperial
—
| APM avg | 518.0 |
| APM peak | 5448 |
| eAPM avg | 515.8 |
| Villagers / military | 0 / 262 |
Focus
⚔️ 64.6% · 🌾 35.4%
Scout Cavalry ×112 · Camel Archer ×49 · Spearman ×29 · Hand Cannoneer ×29 · Cavalry Archer ×16 · Monk ×10
Feudal
—
Castle
—
Imperial
—
| APM avg | 683.2 |
| APM peak | 3856 |
| eAPM avg | 682.8 |
| Villagers / military | 0 / 1094 |
Focus
⚔️ 50.0% · 🌾 50.0%
Spearman ×444 · Scout Cavalry ×355 · Boyar ×199 · Battering Ram ×54 · Monk ×24 · Cavalry Archer ×8
Feudal
—
Castle
—
Imperial
—
| APM avg | 742.1 |
| APM peak | 6733 |
| eAPM avg | 741.6 |
| Villagers / military | 0 / 966 |
Focus
⚔️ 41.7% · 🌾 58.3%
Spearman ×428 · Hussite Wagon ×255 · Scout Cavalry ×140 · Battering Ram ×68 · Bombard Cannon ×33 · Monk ×31
Match map
Initial resources + every placement click. Lines = walls · curves = elevation contours. ◆ gold · ⬟ stone · ● berries · ✦ relic · ◌ wall gap
Your base· ✓ Closed at 17:31 · 23t walls · no gate
LongDia's base· ✓ Closed at 23:22 · 122t walls · no gate
酒香度生平's base· ✓ Closed at 21:51 · 208t walls · no gate
大恶霸's base· ✓ Closed at 15:42 · 25t walls · no gate
's base· Open — opponent sealed themselves in
's base· Open — opponent sealed themselves in
's base· Open — opponent sealed themselves in
's base· Open — opponent sealed themselves in
Smoothed initial terrain · ◌ = detected wall gap · hover for details
Inputs per minute
— 首都阴阳人 - - LongDia
Build order — 首都阴阳人
First 150 of 551 actions detected
| 0:01 | Create | Villager (Male) |
| 0:02 | Research | Loom |
| 0:02 | Create | Villager (Male) |
| 0:03 | Create | Villager (Male) |
| 0:10 | Build | House |
| 0:30 | Build | House |
| 0:31 | Build | House |
| 0:32 | Build | House |
| 1:45 | Create | Villager (Male) |
| 1:45 | Create | Villager (Male) |
| 2:25 | Create | Villager (Male) |
| 3:05 | Create | Villager (Male) |
| 3:06 | Create | Villager (Male) |
| 3:31 | Create | Villager (Male) |
| 3:44 | Create | Villager (Male) |
| 4:16 | Create | Villager (Male) |
| 4:31 | Create | Villager (Male) |
| 5:08 | Create | Villager (Male) |
| 5:09 | Create | Villager (Male) |
| 5:30 | Build | Lumber Camp |
| 5:57 | Create | Villager (Male) |
| 6:20 | Create | Villager (Male) |
| 7:01 | Build | Mill |
| 7:02 | Create | Villager (Male) |
| 7:07 | Create | Villager (Male) |
| 7:55 | Create | Villager (Male) |
| 7:56 | Create | Villager (Male) |
| 7:56 | Create | Villager (Male) |
| 8:17 | Build | Mining Camp |
| 9:06 | Create | Villager (Male) |
| 9:46 | Research | Feudal Age |
| 10:29 | Build | House |
| 10:31 | Build | House |
| 11:54 | Create | Villager (Male) |
| 11:54 | Create | Villager (Male) |
| 11:56 | Age | Feudal Age |
| 12:34 | Build | Stone Wall |
| 12:36 | Build | Stone Wall |
| 12:40 | Create | Villager (Male) |
| 12:49 | Build | Market |
| 12:55 | Build | Blacksmith |
| 12:59 | Build | Mill |
| 13:03 | Create | Villager (Male) |
| 13:05 | Create | Villager (Male) |
| 13:19 | Create | Villager (Male) |
| 13:19 | Create | Villager (Male) |
| 14:19 | Build | Lumber Camp |
| 14:36 | Build | Farm |
| 14:37 | Build | Farm |
| 14:46 | Research | Castle Age |
| 14:55 | Research | Horse Collar |
| 15:09 | Build | Stone Wall |
| 15:17 | Build | Stone Wall |
| 15:25 | Build | Stone Wall |
| 15:37 | Research | Double-Bit Axe |
| 15:41 | Build | Farm |
| 16:13 | Build | House |
| 16:15 | Build | House |
| 16:16 | Build | House |
| 17:06 | Build | Stone Wall |
| 17:17 | Build | Mining Camp |
| 17:21 | Create | Villager (Male) ×5 |
| 17:31 | Age | Castle Age |
| 17:32 | Research | Bow Saw |
| 17:46 | Research | Bow Saw |
| 17:55 | Research | Heavy Plow |
| 17:57 | Create | Villager (Male) |
| 18:31 | Build | Siege Workshop |
| 18:34 | Create | Villager (Male) |
| 19:00 | Build | Farm |
| 19:01 | Build | Farm |
| 19:01 | Build | Farm |
| 19:04 | Build | Farm |
| 19:11 | Create | Villager (Male) |
| 19:11 | Create | Villager (Male) |
| 19:28 | Build | Farm |
| 19:29 | Build | Farm |
| 19:29 | Build | Farm |
| 19:41 | Build | Monastery |
| 19:48 | Build | Farm |
| 20:12 | Create | Villager (Male) |
| 20:12 | Create | Villager (Male) |
| 20:41 | Create | Villager (Male) |
| 20:42 | Create | Villager (Male) |
| 20:49 | Build | Farm |
| 20:49 | Build | Farm |
| 20:50 | Build | Farm |
| 20:50 | Build | Farm |
| 21:34 | Create | Villager (Male) |
| 21:51 | Create | Iron Pagoda |
| 22:12 | Build | University |
| 22:18 | Create | Villager (Male) |
| 22:18 | Create | Villager (Male) |
| 22:43 | Build | Town Center |
| 22:53 | Create | Monk |
| 23:11 | Create | Villager (Male) |
| 23:12 | Create | Villager (Male) |
| 23:22 | Build | Town Center |
| 23:31 | Create | Villager (Male) |
| 23:52 | Research | Fortified Wall (upgrade) |
| 24:45 | Create | Villager (Male) |
| 24:45 | Create | Villager (Male) |
| 25:03 | Build | Town Center |
| 25:08 | Create | Villager (Male) |
| 25:16 | Build | Farm |
| 25:24 | Build | Farm |
| 25:33 | Create | Villager (Male) |
| 25:33 | Create | Villager (Male) |
| 25:34 | Create | Villager (Male) |
| 25:45 | Create | Iron Pagoda |
| 26:18 | Research | Imperial Age |
| 26:42 | Create | Villager (Male) |
| 26:42 | Create | Villager (Male) |
| 27:02 | Build | House |
| 27:03 | Build | House |
| 27:04 | Build | House |
| 27:05 | Build | House |
| 27:36 | Build | Stone Wall |
| 27:37 | Build | Stone Wall |
| 27:53 | Create | Iron Pagoda |
| 27:58 | Research | Wheelbarrow |
| 27:58 | Create | Villager (Male) ×3 |
| 28:08 | Build | Farm |
| 28:08 | Build | Farm |
| 28:09 | Build | Farm |
| 28:15 | Build | House |
| 28:16 | Build | House |
| 28:17 | Build | House |
| 28:20 | Build | House |
| 28:22 | Build | House |
| 28:23 | Build | House |
| 28:27 | Research | Treadmill Crane |
| 28:29 | Research | Masonry |
| 28:35 | Build | Farm |
| 29:17 | Create | Villager (Male) ×4 |
| 29:23 | Create | Iron Pagoda |
| 29:23 | Create | Iron Pagoda |
| 29:28 | Age | Imperial Age |
| 29:52 | Create | Villager (Male) ×5 |
| 30:39 | Create | Villager (Male) ×5 |
| 30:39 | Create | Villager (Male) ×5 |
| 31:15 | Research | Ballistics |
| 31:17 | Create | Villager (Male) ×5 |
| 31:29 | Build | Farm |
| 31:29 | Build | Farm |
| 31:29 | Build | Farm |
| 31:40 | Build | Farm |
| 31:41 | Build | Farm |
| 31:41 | Build | Farm |
| 31:41 | Build | Farm |
Build order — LongDia
First 150 of 664 actions detected
| 0:03 | Build | House |
| 0:04 | Create | Villager (Male) |
| 0:05 | Create | Villager (Male) |
| 0:05 | Create | Villager (Male) |
| 0:47 | Create | Villager (Male) |
| 0:48 | Create | Villager (Male) |
| 1:38 | Create | Villager (Male) |
| 2:00 | Build | Palisade Wall |
| 2:06 | Create | Villager (Male) |
| 2:24 | Build | House |
| 2:44 | Create | Villager (Male) |
| 3:06 | Create | Villager (Male) |
| 3:28 | Create | Villager (Male) |
| 3:48 | Build | House |
| 3:51 | Create | Villager (Male) |
| 4:30 | Build | House |
| 4:39 | Create | Villager (Male) |
| 4:57 | Create | Villager (Male) |
| 4:57 | Create | Villager (Male) |
| 5:15 | Build | House |
| 5:17 | Build | House |
| 5:43 | Create | Villager (Male) |
| 6:22 | Create | Villager (Male) |
| 6:31 | Build | House |
| 6:43 | Build | Mill |
| 7:00 | Build | Lumber Camp |
| 8:08 | Create | Villager (Male) |
| 8:08 | Create | Villager (Male) |
| 8:09 | Create | Villager (Male) |
| 8:09 | Create | Villager (Male) |
| 8:09 | Create | Villager (Male) |
| 8:10 | Create | Villager (Male) |
| 8:17 | Build | House |
| 8:19 | Build | House |
| 8:20 | Build | House |
| 8:21 | Build | House |
| 8:25 | Create | Villager (Male) |
| 8:25 | Create | Villager (Male) |
| 8:26 | Create | Villager (Male) |
| 8:38 | Build | Mill |
| 10:00 | Build | House |
| 10:42 | Build | Palisade Wall |
| 10:58 | Research | Loom |
| 12:28 | Research | Feudal Age |
| 12:49 | Build | Palisade Wall |
| 12:55 | Create | Villager (Male) |
| 12:56 | Create | Villager (Male) |
| 14:38 | Age | Feudal Age |
| 14:44 | Build | Stone Wall |
| 15:16 | Build | Mining Camp |
| 15:22 | Create | Villager (Male) |
| 15:23 | Create | Villager (Male) |
| 15:42 | Build | House |
| 15:44 | Build | House |
| 15:46 | Build | House |
| 16:02 | Create | Villager (Male) |
| 16:06 | Create | Villager (Male) |
| 16:16 | Build | Stone Wall |
| 16:28 | Build | Lumber Camp |
| 16:32 | Build | Farm |
| 16:36 | Build | Farm |
| 16:39 | Research | Horse Collar |
| 16:44 | Build | Farm |
| 16:47 | Build | Farm |
| 16:51 | Research | Double-Bit Axe |
| 17:14 | Build | Farm |
| 17:26 | Build | Farm |
| 17:32 | Build | House |
| 17:45 | Build | Stone Wall |
| 18:01 | Build | Mining Camp |
| 18:04 | Create | Villager (Male) |
| 18:04 | Create | Villager (Male) |
| 18:05 | Create | Villager (Male) |
| 18:06 | Create | Villager (Male) |
| 18:10 | Build | House |
| 18:12 | Build | House |
| 18:33 | Build | Farm |
| 18:35 | Build | Farm |
| 18:37 | Build | Farm |
| 18:38 | Build | Farm |
| 18:40 | Build | Farm |
| 19:12 | Build | Stone Wall |
| 19:26 | Build | Farm |
| 20:02 | Build | Stone Wall |
| 20:10 | Build | Stone Wall |
| 20:12 | Build | Stone Wall |
| 20:24 | Build | Stone Wall |
| 20:42 | Research | Castle Age |
| 21:00 | Build | House |
| 21:01 | Build | House |
| 21:30 | Build | Stone Wall |
| 21:41 | Build | Stone Wall |
| 22:23 | Build | Stone Wall |
| 22:42 | Build | Lumber Camp |
| 22:48 | Build | Farm |
| 22:52 | Build | Farm |
| 22:55 | Build | Farm |
| 22:59 | Build | Farm |
| 23:21 | Build | Stone Wall |
| 23:22 | Age | Castle Age |
| 23:33 | Build | Town Center |
| 23:38 | Create | Villager (Male) |
| 23:38 | Create | Villager (Male) |
| 23:38 | Create | Villager (Male) |
| 23:44 | Create | Villager (Male) |
| 23:57 | Build | University |
| 24:03 | Research | Bow Saw |
| 24:19 | Build | Stone Wall |
| 24:26 | Build | Stone Wall |
| 24:30 | Build | Stone Wall |
| 24:38 | Create | Villager (Male) |
| 24:38 | Create | Villager (Male) |
| 24:39 | Create | Villager (Male) |
| 24:41 | Create | Villager (Male) |
| 24:42 | Create | Villager (Male) |
| 24:42 | Create | Villager (Male) |
| 24:49 | Create | Villager (Male) |
| 24:49 | Create | Villager (Male) |
| 24:50 | Create | Villager (Male) |
| 25:19 | Build | Town Center |
| 25:22 | Create | Villager (Male) |
| 25:23 | Create | Villager (Male) |
| 25:23 | Create | Villager (Male) |
| 25:25 | Create | Villager (Male) |
| 25:30 | Research | Fortified Wall (upgrade) |
| 25:33 | Research | Masonry |
| 26:07 | Build | Stone Wall |
| 26:19 | Build | Mining Camp |
| 26:23 | Create | Villager (Male) |
| 26:23 | Create | Villager (Male) |
| 26:24 | Create | Villager (Male) |
| 27:17 | Create | Villager (Male) |
| 27:17 | Create | Villager (Male) |
| 27:17 | Create | Villager (Male) |
| 27:53 | Create | Villager (Male) |
| 27:54 | Create | Villager (Male) |
| 27:54 | Create | Villager (Male) |
| 28:20 | Create | Villager (Male) |
| 28:21 | Create | Villager (Male) |
| 28:21 | Create | Villager (Male) |
| 28:26 | Create | Villager (Male) |
| 28:26 | Create | Villager (Male) |
| 28:27 | Create | Villager (Male) |
| 28:27 | Create | Villager (Male) |
| 28:28 | Create | Villager (Male) |
| 28:28 | Create | Villager (Male) |
| 28:29 | Create | Villager (Male) |
| 28:29 | Create | Villager (Male) |
| 28:54 | Build | Castle |
| 29:09 | Build | Blacksmith |
Build order — 酒香度生平
First 150 of 701 actions detected
| 0:11 | Create | Villager (Male) |
| 0:11 | Create | Villager (Male) |
| 0:12 | Create | Villager (Male) |
| 0:12 | Create | Villager (Male) |
| 0:12 | Create | Villager (Male) |
| 1:03 | Research | Loom |
| 1:49 | Create | Villager (Male) |
| 2:19 | Build | Palisade Wall |
| 2:35 | Build | Palisade Wall |
| 2:36 | Build | Palisade Wall |
| 2:36 | Build | Palisade Wall |
| 2:43 | Create | Villager (Male) |
| 2:43 | Create | Villager (Male) |
| 3:03 | Create | Villager (Male) |
| 3:21 | Create | Villager (Male) |
| 4:23 | Create | Villager (Male) |
| 4:23 | Create | Villager (Male) |
| 4:24 | Create | Villager (Male) |
| 4:24 | Create | Villager (Male) |
| 4:43 | Create | Villager (Male) |
| 5:19 | Create | Villager (Male) |
| 5:19 | Create | Villager (Male) |
| 5:19 | Create | Villager (Male) |
| 5:42 | Build | Palisade Wall |
| 6:04 | Build | Palisade Wall |
| 6:18 | Create | Villager (Male) |
| 6:18 | Create | Villager (Male) |
| 6:33 | Create | Villager (Male) |
| 7:34 | Build | Palisade Wall |
| 7:41 | Build | Palisade Wall |
| 7:43 | Build | Palisade Wall |
| 7:51 | Create | Villager (Male) |
| 7:52 | Create | Villager (Male) |
| 9:07 | Build | Mill |
| 9:33 | Build | Lumber Camp |
| 9:38 | Create | Villager (Male) |
| 10:06 | Research | Feudal Age |
| 10:14 | Build | Mining Camp |
| 10:37 | Build | Palisade Wall |
| 11:49 | Build | Mining Camp |
| 11:57 | Create | Villager (Male) |
| 11:57 | Create | Villager (Male) |
| 11:58 | Create | Villager (Male) |
| 11:58 | Create | Villager (Male) |
| 11:58 | Create | Villager (Male) |
| 12:16 | Age | Feudal Age |
| 12:25 | Research | Double-Bit Axe |
| 12:44 | Build | Stone Wall |
| 12:50 | Build | Stone Wall |
| 13:05 | Build | Stone Wall |
| 13:09 | Build | Stone Wall |
| 13:12 | Build | Stone Wall |
| 13:25 | Build | Stone Wall |
| 13:48 | Build | Market |
| 14:05 | Build | Blacksmith |
| 14:18 | Create | Villager (Male) |
| 14:18 | Create | Villager (Male) |
| 14:38 | Build | Stone Wall |
| 14:57 | Create | Villager (Male) |
| 14:59 | Build | Farm |
| 14:59 | Build | Farm |
| 15:00 | Build | Farm |
| 15:00 | Build | Farm |
| 15:29 | Create | Villager (Male) |
| 15:39 | Build | Mining Camp |
| 15:51 | Build | Mining Camp |
| 15:58 | Create | Villager (Male) |
| 15:59 | Create | Villager (Male) |
| 16:27 | Build | Stone Wall |
| 16:32 | Build | Stone Wall |
| 16:37 | Build | Farm |
| 16:40 | Create | Villager (Male) |
| 17:00 | Build | Dock |
| 17:12 | Build | Farm |
| 17:14 | Create | Villager (Male) |
| 17:25 | Build | Stone Wall |
| 17:36 | Build | Farm |
| 17:39 | Create | Villager (Male) |
| 17:44 | Build | Farm |
| 18:09 | Build | Farm |
| 18:10 | Create | Villager (Male) |
| 18:25 | Create | Fishing Ship |
| 18:25 | Create | Fishing Ship |
| 18:48 | Build | Stone Wall |
| 19:04 | Build | Stone Wall |
| 19:06 | Build | Stone Wall |
| 19:11 | Research | Castle Age |
| 19:20 | Build | Stone Wall |
| 19:25 | Build | Stone Wall |
| 19:32 | Research | Stone Mining |
| 19:35 | Research | Gold Mining |
| 19:42 | Build | Farm |
| 19:43 | Build | Farm |
| 19:43 | Build | Farm |
| 19:46 | Build | Farm |
| 19:46 | Build | Farm |
| 19:47 | Build | Farm |
| 20:02 | Create | Fishing Ship |
| 20:09 | Research | Wheelbarrow |
| 21:02 | Create | Villager (Male) |
| 21:03 | Create | Villager (Male) |
| 21:03 | Create | Villager (Male) |
| 21:45 | Build | Stone Wall |
| 21:47 | Build | Stone Wall |
| 21:51 | Age | Castle Age |
| 21:58 | Research | Bow Saw |
| 22:01 | Research | Horse Collar |
| 22:16 | Build | Farm |
| 22:18 | Build | Farm |
| 22:37 | Build | Town Center |
| 23:16 | Build | Town Center |
| 23:25 | Build | Lumber Camp |
| 23:45 | Build | Stone Wall |
| 23:47 | Build | Stone Wall |
| 24:17 | Build | Stone Wall |
| 24:30 | Build | Siege Workshop |
| 24:43 | Create | Villager (Male) |
| 24:44 | Create | Villager (Male) |
| 24:44 | Create | Villager (Male) |
| 24:51 | Create | Villager (Male) |
| 24:51 | Create | Villager (Male) |
| 24:51 | Create | Villager (Male) |
| 24:52 | Create | Villager (Male) |
| 24:56 | Research | Hand Cart |
| 24:56 | Create | Villager (Male) |
| 24:57 | Create | Villager (Male) |
| 24:57 | Create | Villager (Male) |
| 24:58 | Create | Villager (Male) |
| 25:05 | Research | Gold Shaft Mining |
| 26:11 | Build | Stone Wall |
| 26:23 | Create | Villager (Male) |
| 26:24 | Create | Villager (Male) |
| 26:24 | Create | Villager (Male) |
| 26:25 | Create | Villager (Male) |
| 26:25 | Create | Villager (Male) |
| 26:35 | Build | Barracks |
| 26:58 | Build | Town Center |
| 27:11 | Build | Town Center |
| 27:21 | Create | Villager (Male) |
| 27:21 | Create | Villager (Male) |
| 27:21 | Create | Villager (Male) |
| 27:23 | Create | Villager (Male) |
| 27:23 | Create | Villager (Male) |
| 27:24 | Create | Villager (Male) |
| 27:27 | Build | Farm |
| 27:28 | Build | Farm |
| 27:28 | Build | Farm |
| 27:30 | Build | Farm |
| 27:32 | Build | Farm |
| 27:37 | Build | Farm |
Build order — 大恶霸
First 150 of 694 actions detected
| 0:04 | Create | Villager (Male) |
| 0:04 | Create | Villager (Male) |
| 0:04 | Create | Villager (Male) |
| 0:05 | Create | Villager (Male) |
| 0:05 | Create | Villager (Male) |
| 0:09 | Build | House |
| 0:13 | Build | House |
| 1:30 | Create | Villager (Male) |
| 2:05 | Build | Lumber Camp |
| 2:25 | Create | Villager (Male) |
| 2:25 | Create | Villager (Male) |
| 2:26 | Create | Villager (Male) |
| 3:02 | Build | House |
| 3:10 | Create | Villager (Male) |
| 3:10 | Create | Villager (Male) |
| 3:11 | Create | Villager (Male) |
| 3:15 | Research | Loom |
| 4:06 | Create | Villager (Male) |
| 4:06 | Create | Villager (Male) |
| 4:06 | Create | Villager (Male) |
| 4:37 | Build | Mill |
| 5:07 | Create | Villager (Male) |
| 5:08 | Create | Villager (Male) |
| 5:08 | Create | Villager (Male) |
| 5:20 | Build | House |
| 5:41 | Create | Villager (Male) |
| 5:41 | Create | Villager (Male) |
| 6:01 | Create | Villager (Male) |
| 6:01 | Create | Villager (Male) |
| 6:02 | Create | Villager (Male) |
| 6:58 | Create | Villager (Male) |
| 6:58 | Create | Villager (Male) |
| 6:58 | Create | Villager (Male) |
| 6:59 | Create | Villager (Male) |
| 6:59 | Create | Villager (Male) |
| 7:00 | Create | Villager (Male) |
| 7:10 | Build | Mill |
| 7:55 | Create | Villager (Male) |
| 8:42 | Build | House |
| 8:56 | Build | Mining Camp |
| 9:09 | Research | Feudal Age |
| 9:34 | Create | Villager (Male) |
| 9:35 | Create | Villager (Male) |
| 10:48 | Build | Lumber Camp |
| 10:53 | Build | Farm |
| 11:13 | Build | Farm |
| 11:40 | Age | Feudal Age |
| 11:48 | Build | Blacksmith |
| 12:19 | Build | Market |
| 12:31 | Create | Villager (Male) |
| 13:02 | Research | Castle Age |
| 13:03 | Research | Castle Age |
| 13:36 | Build | Stone Wall |
| 13:46 | Research | Double-Bit Axe |
| 14:07 | Research | Horse Collar |
| 14:07 | Research | Horse Collar |
| 14:16 | Build | Farm |
| 14:22 | Build | Farm |
| 14:26 | Build | Farm |
| 14:31 | Build | Farm |
| 14:36 | Build | Farm |
| 14:44 | Build | Farm |
| 14:53 | Build | Stone Wall |
| 15:12 | Build | Mining Camp |
| 15:19 | Create | Villager (Male) |
| 15:22 | Create | Villager (Male) |
| 15:33 | Build | House |
| 15:38 | Build | Stone Wall |
| 15:42 | Age | Castle Age |
| 16:06 | Build | Town Center |
| 16:15 | Create | Villager (Male) |
| 16:22 | Research | Bow Saw |
| 16:44 | Build | House |
| 16:47 | Build | House |
| 17:00 | Build | Farm |
| 17:33 | Build | Farm |
| 17:41 | Create | Villager (Male) |
| 17:42 | Create | Villager (Male) |
| 17:55 | Create | Villager (Male) |
| 18:01 | Build | House |
| 18:07 | Build | Stone Wall |
| 18:23 | Research | Heavy Plow |
| 18:27 | Build | Farm |
| 18:39 | Build | Farm |
| 18:41 | Create | Villager (Male) |
| 18:42 | Create | Villager (Male) |
| 18:42 | Create | Villager (Male) |
| 18:43 | Create | Villager (Male) |
| 18:43 | Create | Villager (Male) |
| 18:49 | Create | Villager (Male) |
| 18:50 | Create | Villager (Male) |
| 18:54 | Build | House |
| 18:56 | Build | House |
| 19:01 | Create | Villager (Male) |
| 19:02 | Create | Villager (Male) |
| 19:03 | Build | Farm |
| 19:32 | Build | Town Center |
| 19:41 | Build | Farm |
| 19:43 | Create | Villager (Male) |
| 19:44 | Create | Villager (Male) |
| 19:44 | Create | Villager (Male) |
| 19:45 | Create | Villager (Male) |
| 19:45 | Create | Villager (Male) |
| 19:58 | Build | Stone Wall |
| 20:02 | Create | Villager (Male) |
| 20:02 | Create | Villager (Male) |
| 20:07 | Build | Farm |
| 20:14 | Create | Villager (Male) |
| 20:19 | Build | Farm |
| 20:25 | Build | Farm |
| 20:37 | Build | Farm |
| 20:40 | Create | Villager (Male) |
| 20:41 | Create | Villager (Male) |
| 20:56 | Build | Farm |
| 21:01 | Create | Villager (Male) |
| 21:01 | Create | Villager (Male) |
| 21:19 | Build | House |
| 21:21 | Build | House |
| 21:26 | Create | Villager (Male) |
| 21:26 | Create | Villager (Male) |
| 21:32 | Build | Monastery |
| 21:39 | Build | Farm |
| 21:44 | Build | Farm |
| 21:47 | Create | Villager (Male) |
| 21:47 | Create | Villager (Male) |
| 21:47 | Create | Villager (Male) |
| 21:53 | Build | Farm |
| 21:58 | Build | Farm |
| 22:00 | Create | Villager (Male) |
| 22:01 | Create | Villager (Male) |
| 22:01 | Create | Villager (Male) |
| 22:02 | Create | Villager (Male) |
| 22:06 | Build | Farm |
| 22:13 | Create | Villager (Male) |
| 22:13 | Create | Villager (Male) |
| 22:24 | Create | Monk |
| 22:25 | Create | Monk |
| 22:29 | Create | Villager (Male) |
| 22:29 | Create | Villager (Male) |
| 22:30 | Create | Villager (Male) |
| 22:30 | Create | Villager (Male) |
| 22:43 | Build | House |
| 22:46 | Build | House |
| 22:49 | Build | House |
| 23:11 | Build | Barracks |
| 23:15 | Create | Villager (Male) |
| 23:16 | Create | Villager (Male) |
| 23:18 | Build | Farm |
| 23:23 | Build | Farm |
| 23:32 | Build | Farm |
Build order —
First 150 of 1459 actions detected
| 0:00 | Build | House |
| 0:03 | Build | House |
| 1:42 | Build | Lumber Camp |
| 3:46 | Build | House |
| 4:12 | Build | Mill |
| 5:13 | Build | Lumber Camp |
| 5:51 | Research | Tech None |
| 5:51 | Build | House |
| 6:55 | Build | Farm |
| 7:08 | Build | Farm |
| 7:38 | Build | Mining Camp |
| 8:22 | Build | House |
| 9:02 | Build | Farm |
| 9:12 | Build | Farm |
| 9:29 | Build | Farm |
| 9:35 | Research | Tech None |
| 10:35 | Build | Barracks |
| 11:47 | Build | Stable |
| 12:24 | Build | Blacksmith |
| 12:45 | Research | Tech None |
| 13:03 | Research | Tech None |
| 13:12 | Research | Tech None |
| 13:33 | Build | Farm |
| 13:45 | Build | Farm |
| 13:54 | Build | Farm |
| 14:12 | Build | Farm |
| 14:27 | Build | Farm |
| 14:35 | Build | Farm |
| 14:49 | Build | Farm |
| 15:24 | Research | Tech None |
| 15:44 | Create | Knight |
| 15:46 | Build | Town Center |
| 16:33 | Research | Tech None |
| 16:35 | Research | Tech None |
| 16:38 | Build | House |
| 16:39 | Build | House |
| 17:26 | Create | Knight |
| 17:35 | Build | Town Center |
| 17:47 | Build | Farm |
| 17:57 | Build | Farm |
| 18:17 | Build | Lumber Camp |
| 18:47 | Research | Tech None |
| 18:49 | Build | House |
| 18:52 | Build | House |
| 19:06 | Build | Farm |
| 19:18 | Build | Farm |
| 19:23 | Build | Farm |
| 19:39 | Build | Farm |
| 19:50 | Build | Farm |
| 19:58 | Build | Farm |
| 20:14 | Build | Farm |
| 20:22 | Build | Farm |
| 20:32 | Build | Farm |
| 20:42 | Build | Farm |
| 20:48 | Build | Farm |
| 20:55 | Build | Farm |
| 20:58 | Build | House |
| 21:00 | Build | House |
| 21:09 | Build | Farm |
| 21:14 | Build | Farm |
| 21:20 | Build | Farm |
| 21:33 | Build | Farm |
| 21:38 | Build | Farm |
| 21:48 | Build | Farm |
| 21:57 | Build | Lumber Camp |
| 22:09 | Build | Farm |
| 22:15 | Build | House |
| 22:17 | Build | House |
| 22:23 | Build | Farm |
| 22:30 | Build | Farm |
| 22:36 | Build | House |
| 22:40 | Build | Farm |
| 22:49 | Research | Tech None |
| 22:55 | Build | Farm |
| 23:25 | Build | Farm |
| 23:27 | Research | Tech None |
| 23:33 | Build | Mill |
| 23:38 | Build | Farm |
| 23:43 | Build | Farm |
| 24:01 | Build | Stable |
| 24:06 | Research | Tech None |
| 24:08 | Build | House |
| 24:09 | Build | House |
| 24:12 | Build | Farm |
| 24:22 | Build | Farm |
| 24:35 | Build | Farm |
| 24:42 | Build | Farm |
| 24:48 | Build | Mining Camp |
| 24:57 | Build | Farm |
| 25:01 | Build | Mill |
| 25:12 | Build | Farm |
| 25:28 | Build | Monastery |
| 25:41 | Build | Siege Workshop |
| 26:08 | Create | Monk |
| 26:14 | Build | Town Center |
| 26:18 | Build | Farm |
| 26:22 | Build | Lumber Camp |
| 26:24 | Build | House |
| 26:26 | Build | House |
| 26:40 | Build | Mining Camp |
| 26:47 | Build | Farm |
| 26:50 | Build | Farm |
| 27:02 | Research | Tech None |
| 27:03 | Research | Tech None |
| 27:03 | Research | Tech None |
| 27:03 | Research | Tech None |
| 27:03 | Build | Market |
| 27:04 | Research | Tech None |
| 27:06 | Research | Tech None |
| 27:27 | Create | Battering Ram |
| 27:33 | Build | Mining Camp |
| 27:37 | Research | Tech None |
| 28:14 | Build | Barracks |
| 28:27 | Build | Barracks |
| 28:28 | Research | Tech None |
| 28:30 | Build | Barracks |
| 28:48 | Build | Barracks |
| 28:53 | Build | House |
| 28:54 | Build | Market |
| 28:55 | Build | House |
| 29:12 | Build | Castle |
| 29:58 | Build | Barracks |
| 30:05 | Build | University |
| 30:07 | Build | Castle |
| 30:13 | Research | Tech None |
| 30:13 | Build | House |
| 30:15 | Build | House |
| 30:17 | Build | House |
| 30:26 | Build | Market |
| 30:26 | Build | Lumber Camp |
| 30:41 | Research | Tech None |
| 30:43 | Build | Barracks |
| 30:52 | Build | Barracks |
| 31:03 | Build | Farm |
| 31:07 | Build | Farm |
| 31:11 | Build | Farm |
| 31:16 | Research | Tech None |
| 31:16 | Build | Farm |
| 31:18 | Build | Farm |
| 31:20 | Build | Farm |
| 31:22 | Build | Farm |
| 31:28 | Build | Farm |
| 31:33 | Research | Tech None |
| 31:38 | Build | Barracks |
| 31:49 | Create | Trebuchet (Packed) |
| 31:49 | Create | Unit 2101 |
| 31:49 | Build | Lumber Camp |
| 31:51 | Build | Lumber Camp |
| 31:56 | Research | Tech None |
| 31:58 | Build | Lumber Camp |
Build order —
First 150 of 638 actions detected
| 0:00 | Build | House |
| 0:03 | Build | House |
| 1:44 | Build | Lumber Camp |
| 1:48 | Build | Lumber Camp |
| 1:51 | Build | Lumber Camp |
| 3:46 | Build | House |
| 4:22 | Build | Barracks |
| 5:01 | Build | House |
| 5:52 | Research | Tech None |
| 6:02 | Build | Mill |
| 7:22 | Build | Farm |
| 7:37 | Build | Farm |
| 8:09 | Research | Tech None |
| 8:37 | Build | Lumber Camp |
| 9:09 | Build | Mining Camp |
| 10:31 | Research | Tech None |
| 10:31 | Build | Archery Range |
| 10:33 | Build | Farm |
| 10:34 | Research | Tech None |
| 10:40 | Build | House |
| 10:58 | Build | Farm |
| 11:09 | Create | Archer |
| 11:54 | Build | Archery Range |
| 12:26 | Build | Blacksmith |
| 12:39 | Create | Archer |
| 13:03 | Create | Archer |
| 13:30 | Create | Archer |
| 13:40 | Research | Tech None |
| 13:41 | Create | Skirmisher |
| 14:06 | Build | House |
| 14:07 | Build | House |
| 14:15 | Build | Farm |
| 14:16 | Build | Farm |
| 14:21 | Build | Farm |
| 14:50 | Build | Farm |
| 14:57 | Create | Archer |
| 15:04 | Build | Farm |
| 15:09 | Research | Tech None |
| 15:23 | Build | Farm |
| 15:30 | Build | Farm |
| 15:51 | Research | Tech None |
| 16:03 | Build | Farm |
| 16:18 | Build | Farm |
| 16:27 | Build | Farm |
| 16:50 | Build | House |
| 16:52 | Build | House |
| 17:02 | Build | Lumber Camp |
| 17:19 | Build | Farm |
| 17:35 | Build | Lumber Camp |
| 17:50 | Build | Farm |
| 17:59 | Research | Tech None |
| 18:26 | Build | Archery Range |
| 18:35 | Research | Tech None |
| 19:42 | Build | Archery Range |
| 19:56 | Build | Archery Range |
| 20:40 | Research | Tech None |
| 20:40 | Create | Archer |
| 20:40 | Create | Skirmisher |
| 20:42 | Research | Tech None |
| 20:42 | Build | Town Center |
| 20:44 | Research | Tech None |
| 21:08 | Build | Town Center |
| 21:33 | Research | Tech None |
| 22:12 | Build | Farm |
| 22:18 | Build | Farm |
| 22:30 | Build | Farm |
| 22:38 | Build | Farm |
| 22:57 | Build | Farm |
| 22:59 | Build | Farm |
| 23:12 | Build | Monastery |
| 23:12 | Build | Monastery |
| 23:35 | Build | Market |
| 23:54 | Build | Farm |
| 23:57 | Build | Farm |
| 24:11 | Build | Siege Workshop |
| 24:12 | Build | Siege Workshop |
| 24:30 | Create | Monk |
| 24:38 | Research | Tech None |
| 24:43 | Create | Cavalry Archer |
| 24:43 | Build | House |
| 24:48 | Build | House |
| 24:49 | Build | House |
| 24:51 | Build | Farm |
| 25:10 | Build | Farm |
| 25:12 | Build | Farm |
| 25:15 | Build | Farm |
| 25:18 | Create | Cavalry Archer |
| 25:20 | Create | Cavalry Archer |
| 25:37 | Build | Farm |
| 25:42 | Create | Cavalry Archer |
| 25:42 | Build | Farm |
| 25:44 | Build | Farm |
| 25:47 | Build | Farm |
| 25:53 | Create | Cavalry Archer |
| 26:03 | Research | Tech None |
| 26:07 | Build | Farm |
| 26:11 | Build | Farm |
| 26:35 | Research | Tech None |
| 26:39 | Build | Farm |
| 26:45 | Build | Farm |
| 26:48 | Create | Cavalry Archer |
| 26:53 | Build | House |
| 26:54 | Build | House |
| 27:03 | Create | Cavalry Archer |
| 27:06 | Create | Cavalry Archer |
| 27:13 | Build | Farm |
| 27:17 | Build | Farm |
| 27:21 | Create | Cavalry Archer |
| 27:28 | Create | Cavalry Archer |
| 27:31 | Build | Farm |
| 27:46 | Build | Farm |
| 27:52 | Create | Cavalry Archer |
| 27:53 | Research | Tech None |
| 27:54 | Create | Cavalry Archer |
| 27:56 | Build | House |
| 27:59 | Build | House |
| 28:12 | Create | Cavalry Archer |
| 28:20 | Create | Cavalry Archer |
| 28:23 | Build | Farm |
| 28:25 | Create | Cavalry Archer |
| 28:25 | Build | Farm |
| 28:26 | Build | Farm |
| 28:28 | Build | Farm |
| 28:38 | Create | Cavalry Archer |
| 28:38 | Build | Farm |
| 28:45 | Build | Lumber Camp |
| 28:48 | Build | House |
| 28:50 | Build | House |
| 28:56 | Build | Farm |
| 29:01 | Build | Farm |
| 29:07 | Build | Farm |
| 29:11 | Research | Tech None |
| 29:13 | Build | Farm |
| 29:25 | Research | Tech None |
| 29:31 | Build | Lumber Camp |
| 29:41 | Build | Lumber Camp |
| 29:45 | Build | Mill |
| 29:49 | Build | Mining Camp |
| 29:51 | Build | House |
| 29:54 | Build | House |
| 30:00 | Research | Tech None |
| 30:00 | Research | Tech None |
| 30:17 | Create | Battering Ram |
| 30:34 | Create | Battering Ram |
| 30:34 | Build | University |
| 31:13 | Build | Stable |
| 31:20 | Build | Castle |
| 31:27 | Build | Market |
| 31:40 | Build | University |
| 31:49 | Build | University |
Build order —
First 150 of 1537 actions detected
| 0:00 | Build | House |
| 0:03 | Build | House |
| 1:44 | Build | Lumber Camp |
| 3:46 | Build | House |
| 4:12 | Build | Mill |
| 5:42 | Build | Lumber Camp |
| 5:52 | Research | Tech None |
| 5:52 | Build | House |
| 7:11 | Research | Tech None |
| 7:52 | Build | Barracks |
| 9:32 | Build | Farm |
| 9:41 | Build | Stable |
| 9:43 | Research | Tech None |
| 9:44 | Research | Tech None |
| 10:02 | Build | Mining Camp |
| 10:26 | Build | Farm |
| 10:40 | Build | Farm |
| 10:53 | Build | Farm |
| 11:41 | Build | Archery Range |
| 12:11 | Build | Archery Range |
| 12:15 | Build | House |
| 12:21 | Build | House |
| 12:37 | Build | Farm |
| 13:02 | Build | Farm |
| 13:26 | Build | Farm |
| 13:46 | Build | Farm |
| 14:00 | Build | Farm |
| 14:27 | Build | Lumber Camp |
| 14:55 | Build | Blacksmith |
| 15:23 | Build | House |
| 15:24 | Build | House |
| 15:44 | Research | Tech None |
| 15:44 | Build | Farm |
| 15:49 | Build | Farm |
| 15:57 | Build | Farm |
| 16:01 | Research | Tech None |
| 16:12 | Build | Farm |
| 16:21 | Build | Farm |
| 16:34 | Build | Farm |
| 16:48 | Research | Tech None |
| 17:06 | Build | Lumber Camp |
| 17:32 | Build | Farm |
| 17:40 | Build | Farm |
| 17:55 | Build | Farm |
| 18:10 | Build | Farm |
| 18:38 | Build | Market |
| 18:45 | Research | Tech None |
| 19:15 | Research | Tech None |
| 19:58 | Build | Archery Range |
| 20:14 | Build | Archery Range |
| 20:15 | Build | House |
| 20:17 | Build | House |
| 20:46 | Build | Archery Range |
| 21:27 | Research | Tech None |
| 21:28 | Research | Tech None |
| 21:28 | Research | Tech None |
| 21:28 | Build | Town Center |
| 21:31 | Research | Tech None |
| 21:57 | Build | Town Center |
| 22:08 | Research | Tech None |
| 22:28 | Build | Monastery |
| 23:05 | Build | University |
| 23:13 | Create | Monk |
| 23:38 | Research | Tech None |
| 23:54 | Build | Siege Workshop |
| 23:59 | Build | Farm |
| 24:17 | Build | Mining Camp |
| 24:19 | Build | Farm |
| 24:33 | Build | Farm |
| 24:40 | Build | Farm |
| 24:45 | Build | Farm |
| 24:58 | Build | Farm |
| 24:58 | Create | Archer |
| 25:10 | Build | Farm |
| 25:23 | Build | Farm |
| 25:33 | Build | Farm |
| 25:48 | Research | Tech None |
| 25:48 | Create | Archer |
| 25:58 | Build | Farm |
| 26:12 | Build | Farm |
| 26:16 | Build | Farm |
| 26:24 | Create | Archer |
| 26:24 | Build | Farm |
| 26:31 | Build | Farm |
| 26:56 | Research | Tech None |
| 27:06 | Create | Cavalry Archer |
| 27:08 | Create | Cavalry Archer |
| 27:14 | Create | Cavalry Archer |
| 27:21 | Build | Farm |
| 27:28 | Create | Cavalry Archer |
| 27:32 | Create | Cavalry Archer |
| 27:37 | Build | Farm |
| 27:41 | Build | House |
| 27:44 | Build | House |
| 27:48 | Create | Cavalry Archer |
| 27:50 | Research | Tech None |
| 28:05 | Build | Farm |
| 28:07 | Research | Tech None |
| 28:12 | Create | Cavalry Archer |
| 28:16 | Build | Farm |
| 28:21 | Create | Cavalry Archer |
| 28:23 | Build | House |
| 28:26 | Build | House |
| 28:30 | Build | Farm |
| 28:35 | Build | Farm |
| 28:50 | Build | Lumber Camp |
| 28:54 | Build | Farm |
| 29:03 | Build | Lumber Camp |
| 29:07 | Build | Farm |
| 29:16 | Build | Farm |
| 29:19 | Build | Farm |
| 29:22 | Build | Farm |
| 29:26 | Build | House |
| 29:29 | Research | Tech None |
| 29:32 | Build | House |
| 29:35 | Build | Mill |
| 29:43 | Build | Castle |
| 29:49 | Build | Mining Camp |
| 30:23 | Build | Barracks |
| 30:32 | Build | Barracks |
| 30:43 | Build | Barracks |
| 30:56 | Research | Tech None |
| 31:09 | Research | Tech None |
| 31:35 | Build | Castle |
| 31:37 | Build | Mining Camp |
| 31:42 | Build | Market |
| 31:46 | Build | Barracks |
| 31:58 | Research | Tech None |
| 32:19 | Build | Farm |
| 32:26 | Build | Barracks |
| 32:37 | Build | Farm |
| 32:39 | Build | Farm |
| 32:41 | Build | Farm |
| 32:43 | Build | Farm |
| 32:45 | Build | Farm |
| 32:54 | Build | Barracks |
| 33:00 | Build | Farm |
| 33:07 | Research | Tech None |
| 33:07 | Build | Lumber Camp |
| 33:09 | Build | Farm |
| 33:22 | Build | Farm |
| 33:23 | Build | Market |
| 33:28 | Build | Farm |
| 33:33 | Build | Farm |
| 33:35 | Build | Mill |
| 33:49 | Build | Siege Workshop |
| 33:53 | Research | Tech None |
| 33:57 | Research | Tech None |
| 33:57 | Build | Barracks |
| 34:18 | Build | Stable |
Build order —
First 150 of 1496 actions detected
| 0:00 | Build | House |
| 0:03 | Build | House |
| 1:44 | Build | Lumber Camp |
| 3:46 | Build | House |
| 4:57 | Build | Mill |
| 5:06 | Build | Lumber Camp |
| 5:42 | Build | Farm |
| 5:52 | Research | Tech None |
| 5:52 | Build | House |
| 6:30 | Build | Farm |
| 7:37 | Build | Mining Camp |
| 8:22 | Build | House |
| 8:53 | Build | Farm |
| 9:20 | Build | Farm |
| 9:35 | Research | Tech None |
| 10:18 | Build | Barracks |
| 11:47 | Build | Stable |
| 11:48 | Build | Blacksmith |
| 11:51 | Research | Tech None |
| 12:18 | Build | Farm |
| 12:37 | Research | Tech None |
| 12:40 | Research | Tech None |
| 12:52 | Build | Farm |
| 13:11 | Build | Farm |
| 13:19 | Build | Farm |
| 13:26 | Build | Farm |
| 13:40 | Build | Farm |
| 13:46 | Build | Farm |
| 14:06 | Build | Farm |
| 14:44 | Build | Farm |
| 15:18 | Research | Tech None |
| 15:19 | Build | Town Center |
| 15:27 | Build | Farm |
| 16:36 | Research | Tech None |
| 16:36 | Build | Town Center |
| 16:52 | Build | Town Center |
| 16:53 | Build | House |
| 17:08 | Build | House |
| 17:23 | Build | House |
| 17:41 | Build | Stable |
| 18:07 | Build | Mill |
| 18:33 | Research | Tech None |
| 18:47 | Build | Farm |
| 19:10 | Build | Farm |
| 19:13 | Build | Farm |
| 19:29 | Build | Farm |
| 19:39 | Build | Farm |
| 19:59 | Build | Farm |
| 20:15 | Build | Farm |
| 20:17 | Build | Farm |
| 20:37 | Build | Monastery |
| 20:44 | Build | Farm |
| 20:51 | Build | House |
| 20:53 | Build | House |
| 21:01 | Build | Farm |
| 21:14 | Build | Farm |
| 21:20 | Build | Farm |
| 21:30 | Build | Farm |
| 21:41 | Research | Tech None |
| 21:43 | Build | Farm |
| 21:57 | Build | Farm |
| 22:06 | Build | Farm |
| 22:06 | Build | House |
| 22:09 | Build | House |
| 22:21 | Build | Farm |
| 22:28 | Build | House |
| 22:47 | Build | Farm |
| 22:50 | Build | Farm |
| 22:53 | Build | Farm |
| 23:05 | Build | Siege Workshop |
| 23:28 | Research | Tech None |
| 23:36 | Research | Tech None |
| 23:38 | Build | House |
| 23:41 | Build | House |
| 23:46 | Build | Farm |
| 24:16 | Create | Battering Ram |
| 24:16 | Build | Town Center |
| 24:48 | Build | Town Center |
| 24:52 | Build | Farm |
| 24:54 | Build | Lumber Camp |
| 24:58 | Build | Farm |
| 25:05 | Build | Farm |
| 25:12 | Build | Farm |
| 25:20 | Build | Farm |
| 25:29 | Build | Farm |
| 25:34 | Build | Mining Camp |
| 25:36 | Create | Monk |
| 25:42 | Research | Tech None |
| 25:44 | Research | Tech None |
| 26:00 | Build | Market |
| 26:08 | Build | University |
| 26:14 | Create | Battering Ram |
| 26:48 | Build | Archery Range |
| 26:49 | Build | House |
| 26:51 | Build | House |
| 26:56 | Build | Archery Range |
| 27:11 | Build | Barracks |
| 27:14 | Build | Barracks |
| 27:17 | Research | Tech None |
| 27:24 | Build | Market |
| 27:25 | Research | Tech None |
| 27:43 | Build | Castle |
| 27:47 | Build | Mining Camp |
| 27:54 | Build | House |
| 27:56 | Build | House |
| 28:01 | Build | Market |
| 28:16 | Build | Lumber Camp |
| 28:38 | Build | Barracks |
| 28:40 | Build | Barracks |
| 28:46 | Build | Barracks |
| 28:54 | Build | Lumber Camp |
| 28:58 | Research | Tech None |
| 28:59 | Research | Tech None |
| 28:59 | Build | House |
| 29:01 | Build | House |
| 29:04 | Build | House |
| 29:06 | Build | House |
| 29:09 | Research | Tech None |
| 29:19 | Build | Market |
| 30:00 | Build | Castle |
| 30:02 | Build | Farm |
| 30:10 | Research | Tech None |
| 30:13 | Build | Farm |
| 30:28 | Build | Farm |
| 30:45 | Build | Barracks |
| 30:51 | Research | Tech None |
| 31:19 | Build | Farm |
| 31:19 | Build | Barracks |
| 31:22 | Build | Barracks |
| 31:24 | Research | Tech None |
| 31:28 | Build | Lumber Camp |
| 31:44 | Build | Farm |
| 31:51 | Build | Farm |
| 31:51 | Build | Barracks |
| 31:53 | Build | Farm |
| 31:56 | Build | Farm |
| 32:15 | Build | Farm |
| 32:17 | Build | Farm |
| 32:26 | Build | Castle |
| 32:30 | Build | Farm |
| 32:35 | Build | Barracks |
| 32:41 | Build | Farm |
| 33:11 | Research | Tech None |
| 33:11 | Research | Tech None |
| 33:17 | Build | Barracks |
| 33:20 | Build | House |
| 33:22 | Build | House |
| 33:24 | Build | Farm |
| 33:24 | Build | House |
| 33:37 | Build | Farm |
Match timeline
| 2:00 | LongDia · wall_segment Palisade Wall x14 |
| 2:19 | 酒香度生平 · wall_segment Palisade Wall x11 |
| 2:35 | 酒香度生平 · wall_segment Palisade Wall x9 |
| 2:36 | 酒香度生平 · wall_segment Palisade Wall x1 |
| 2:36 | 酒香度生平 · wall_segment Palisade Wall x1 |
| 4:22 | · first_building Barracks |
| 5:42 | 酒香度生平 · wall_segment Palisade Wall x13 |
| 6:04 | 酒香度生平 · wall_segment Palisade Wall x16 |
| 7:34 | 酒香度生平 · wall_segment Palisade Wall x10 |
| 7:41 | 酒香度生平 · wall_segment Palisade Wall x6 |
| 7:43 | 酒香度生平 · wall_segment Palisade Wall x6 |
| 7:52 | · first_building Barracks |
| 9:41 | · first_building Stable |
| 10:18 | · first_building Barracks |
| 10:31 | · first_building Archery Range |
| 10:35 | · first_building Barracks |
| 10:37 | 酒香度生平 · wall_segment Palisade Wall x9 |
| 10:42 | LongDia · wall_segment Palisade Wall x12 |
| 11:40 | 大恶霸 · age_up feudal |
| 11:41 | · first_building Archery Range |
| 11:47 | · first_building Stable |
| 11:47 | · first_building Stable |
| 11:56 | 首都阴阳人 · age_up feudal |
| 12:16 | 酒香度生平 · age_up feudal |
| 12:34 | 首都阴阳人 · wall_segment Stone Wall x7 |
| 12:36 | 首都阴阳人 · wall_segment Stone Wall x5 |
| 12:44 | 酒香度生平 · wall_segment Stone Wall x10 |
| 12:49 | LongDia · wall_segment Palisade Wall x12 |
| 12:50 | 酒香度生平 · wall_segment Stone Wall x11 |
| 13:05 | 酒香度生平 · wall_segment Stone Wall x5 |
| 13:09 | 酒香度生平 · wall_segment Stone Wall x1 |
| 13:12 | 酒香度生平 · wall_segment Stone Wall x9 |
| 13:25 | 酒香度生平 · wall_segment Stone Wall x12 |
| 13:36 | 大恶霸 · wall_segment Stone Wall x8 |
| 14:38 | LongDia · age_up feudal |
| 14:38 | 酒香度生平 · wall_segment Stone Wall x9 |
| 14:44 | LongDia · wall_segment Stone Wall x13 |
| 14:53 | 大恶霸 · wall_segment Stone Wall x8 |
| 15:09 | 首都阴阳人 · wall_segment Stone Wall x7 |
| 15:17 | 首都阴阳人 · wall_segment Stone Wall x1 |
| 15:25 | 首都阴阳人 · wall_segment Stone Wall x5 |
| 15:38 | 大恶霸 · wall_segment Stone Wall x9 |
| 15:42 | 大恶霸 · age_up castle |
| 16:16 | LongDia · wall_segment Stone Wall x14 |
| 16:27 | 酒香度生平 · wall_segment Stone Wall x12 |
| 16:32 | 酒香度生平 · wall_segment Stone Wall x13 |
| 17:00 | 酒香度生平 · first_building Dock |
| 17:06 | 首都阴阳人 · wall_segment Stone Wall x2 |
| 17:25 | 酒香度生平 · wall_segment Stone Wall x15 |
| 17:31 | 首都阴阳人 · age_up castle |
| 17:45 | LongDia · wall_segment Stone Wall x14 |
| 18:07 | 大恶霸 · wall_segment Stone Wall x10 |
| 18:31 | 首都阴阳人 · first_building Siege Workshop |
| 18:48 | 酒香度生平 · wall_segment Stone Wall x5 |
| 19:04 | 酒香度生平 · wall_segment Stone Wall x10 |
| 19:06 | 酒香度生平 · wall_segment Stone Wall x11 |
| 19:12 | LongDia · wall_segment Stone Wall x15 |
| 19:20 | 酒香度生平 · wall_segment Stone Wall x14 |
| 19:25 | 酒香度生平 · wall_segment Stone Wall x15 |
| 19:41 | 首都阴阳人 · first_building Monastery |
| 19:58 | 大恶霸 · wall_segment Stone Wall x9 |
| 20:02 | LongDia · wall_segment Stone Wall x7 |
| 20:10 | LongDia · wall_segment Stone Wall x1 |
| 20:12 | LongDia · wall_segment Stone Wall x1 |
| 20:24 | LongDia · wall_segment Stone Wall x3 |
| 20:37 | · first_building Monastery |
| 21:30 | LongDia · wall_segment Stone Wall x4 |
| 21:32 | 大恶霸 · first_building Monastery |
| 21:41 | LongDia · wall_segment Stone Wall x11 |
| 21:45 | 酒香度生平 · wall_segment Stone Wall x6 |
| 21:47 | 酒香度生平 · wall_segment Stone Wall x9 |
| 21:51 | 酒香度生平 · age_up castle |
| 22:23 | LongDia · wall_segment Stone Wall x4 |
| 22:28 | · first_building Monastery |
| 23:05 | · first_building Siege Workshop |
| 23:11 | 大恶霸 · first_building Barracks |
| 23:12 | · first_building Monastery |
| 23:21 | LongDia · wall_segment Stone Wall x6 |
| 23:22 | LongDia · age_up castle |
| 23:45 | 酒香度生平 · wall_segment Stone Wall x10 |
| 23:47 | 酒香度生平 · wall_segment Stone Wall x13 |
| 23:54 | · first_building Siege Workshop |
| 24:11 | · first_building Siege Workshop |
| 24:17 | 酒香度生平 · wall_segment Stone Wall x18 |
| 24:17 | · first_market_buy 100 stone |
| 24:19 | LongDia · wall_segment Stone Wall x18 |
| 24:26 | LongDia · wall_segment Stone Wall x4 |
| 24:30 | LongDia · wall_segment Stone Wall x1 |
| 24:30 | 酒香度生平 · first_building Siege Workshop |
| 25:28 | · first_building Monastery |
| 25:41 | · first_building Siege Workshop |
| 26:07 | LongDia · wall_segment Stone Wall x1 |
| 26:11 | 酒香度生平 · wall_segment Stone Wall x16 |
| 26:15 | 首都阴阳人 · first_market_sell 100 food |
| 26:35 | 酒香度生平 · first_building Barracks |
| 26:48 | · first_building Archery Range |
| 27:36 | 首都阴阳人 · wall_segment Stone Wall x9 |
| 27:37 | 首都阴阳人 · wall_segment Stone Wall x6 |
| 27:43 | · first_building Castle |
| 28:45 | · first_market_sell 100 wood |
| 28:54 | LongDia · first_building Castle |
| 28:59 | · first_market_buy 100 food |
| 29:12 | · first_building Castle |
| 29:17 | 酒香度生平 · first_building Monastery |
| 29:26 | · first_market_buy 100 stone |
| 29:28 | 首都阴阳人 · age_up imperial |
| 29:43 | · first_building Castle |
| 30:26 | LongDia · wall_segment Stone Wall x8 |
| 30:58 | · first_market_sell 100 food |
| 31:13 | · first_building Stable |
| 31:20 | · first_building Castle |
| 31:48 | LongDia · wall_segment Stone Wall x7 |
| 32:03 | 大恶霸 · first_building Castle |
| 32:36 | LongDia · first_building Siege Workshop |
| 32:56 | 大恶霸 · age_up imperial |
| 34:38 | · first_market_sell 100 food |
| 35:43 | 首都阴阳人 · wall_segment Stone Wall x9 |
| 35:44 | 大恶霸 · first_building Siege Workshop |
| 35:46 | 酒香度生平 · age_up imperial |
| 36:04 | 首都阴阳人 · first_building Barracks |
| 36:48 | LongDia · wall_segment Stone Wall x1 |
| 36:52 | LongDia · wall_segment Stone Wall x1 |
| 36:54 | LongDia · wall_segment Stone Wall x1 |
| 36:55 | LongDia · wall_segment Stone Wall x1 |
| 37:04 | 首都阴阳人 · wall_segment Stone Wall x10 |
| 38:38 | 首都阴阳人 · first_building Stable |
| 38:43 | 酒香度生平 · first_building Stable |
| 39:04 | 酒香度生平 · first_building Castle |
| 39:19 | LongDia · first_building Stable |
| 39:23 | LongDia · first_building Barracks |
| 41:03 | 首都阴阳人 · wall_segment Stone Wall x10 |
| 41:32 | 首都阴阳人 · wall_segment Stone Wall x1 |
| 41:36 | 首都阴阳人 · wall_segment Stone Wall x9 |
| 41:38 | · first_building Archery Range |
| 43:13 | · first_market_sell 100 wood |
| 43:16 | 大恶霸 · first_building Archery Range |
| 43:18 | 首都阴阳人 · first_building Castle |
| 44:22 | 酒香度生平 · first_market_sell 500 stone |
| 44:23 | · first_market_buy 100 stone |
| 50:59 | LongDia · age_up imperial |
| 62:25 | 酒香度生平 · first_market_buy 100 stone |
| 62:30 | LongDia · first_market_sell 500 wood |
| 78:37 | · resign |
[ AI ANALYSIS · 1 CREDIT ]
What really happened in this match?
Wolo.gg analyzes every decision: build order, eco, micro, common mistakes by bracket. Personalized analysis on WhatsApp or Discord in 30 seconds.
Civ guide
Jurchens
Map guide
Black Forest
Perfil
Jugador #4690021